 Dungeon Crawl Stone Soup version 0.21.0-3-g78d12a8 (console) character file.

471 hilaritas the Ruffian (level 7, -2/59 HPs)
             Began as a Ghoul Monk on Jan 14, 2018.
             Slain by an ogre
             ... wielding a cursed -3 giant club
              (14 damage)
             ... on level 4 of the Dungeon.
             The game lasted 00:10:58 (3141 turns).

hilaritas the Ruffian (Ghoul Monk)                  Turns: 3141, Time: 00:10:59

Health: -2/59      AC:  4    Str: 17    XL:     7   Next: 9%
Magic:  6/6        EV: 13    Int:  5    God:
Gold:   178        SH:  0    Dex: 21    Spells: 4/6 levels left

rFire    . . .     SeeInvis .     - Unarmed
rCold    + . .     Gourm    .   (no shield)
rNeg     + + +     Faith    .   a - +0 robe
rPois    ∞         Spirit   .   f - +1 helmet
rElec    .         Reflect  .   (no cloak)
rCorr    .         Harm     .   (no gloves)
MR       .....                  (no boots)
Stlth    ++........             (no amulet)
HPRegen  0.00/turn              h - +4 ring of dexterity
MPRegen  0.10/turn              d - +6 ring of dexterity

@: liquid flames, rotting, glowing
A: rotting body, claws 1, carnivore, cold resistance 1, negative energy
resistance 3, inhibited regeneration, torment resistance, unbreathing
a: no special abilities


You were on level 4 of the Dungeon.
You were not hungry.

You visited 1 branch of the dungeon, and saw 4 of its levels.

You collected 178 gold pieces.

Inventory:

Hand Weapons
 m - the +2 long sword "Horoul" {protect, rF+}
   (You found it on level 4 of the Dungeon)

   It protects the one who uses it against injury (+AC on strike).
   It protects you from fire.
Missiles
 e - 5 javelins (quivered)
Armour
 a - a +0 robe (worn)
 f - a +1 helmet (worn)
Jewellery
 d - a +6 ring of dexterity (right claw)
 h - a +4 ring of dexterity (left claw)
 j - an uncursed ring of protection from cold
Wands
 l - a wand of disintegration (10)
Scrolls
 c - a scroll of remove curse
 o - a scroll of teleportation
Potions
 g - 3 potions of curing
 i - a potion of resistance {unknown}
Books
 n - a book of Maledictions

   Spells                             Type                      Level
   a - Corona                         Hexes                        1
   b - Ensorcelled Hibernation        Hexes/Ice                    2
   c - Confuse                        Hexes                        3
   d - Tukima's Dance                 Hexes                        3
   e - Dazzling Spray                 Conjuration/Hexes            3
 p - a book of Changes

   Spells                             Type                      Level
   a - Beastly Appendage              Transmutation                1
   b - Sticks to Snakes               Transmutation                2
   c - Spider Form                    Transmutation/Poison         3
   d - Ice Form                       Ice/Transmutation            4
   e - Blade Hands                    Transmutation                5
Comestibles
 b - 6 rations
 k - 2 chunks of flesh


   Skills:
 * Level 4.1 Fighting
 - Level 2.6 Dodging
 + Level 5.0 Stealth
 * Level 7.0 Unarmed Combat


You had 4 spell levels left.
You knew the following spells:

 Your Spells              Type           Power        Failure   Level  Hunger
a - Sticks to Snakes      Tmut           #.......     63%         2    ###....


Dungeon Overview and Level Annotations

Branches:
Dungeon (4/15)
 Temple: D:4-7

Altars:


Innate Abilities, Weirdness & Mutations

Your body is rotting away.
You thrive on raw meat.
You are immune to poison.
You have sharp fingernails.
You are carnivorous and can eat meat at any time.
Your flesh is cold resistant. (rC+)
You are immune to negative energy. (rN+++)
You do not regenerate when monsters are visible.
You are immune to unholy pain and torment.
You can survive without breathing.


Message History

The orc moves out of view.
An orc comes into view. It is wielding a flail.
You feel better.
You are covered in liquid flames!
Suckerboh's ghost closely misses you.
The adder skeleton bites you but does no damage.
The orc moves out of view.
You claw Suckerboh's ghost!
You destroy Suckerboh's ghost!
Your Fighting skill increases to level 4!
Your Stealth skill increases to level 5!
Your Unarmed Combat skill increases to level 7!
You have reached level 7!
You are covered in liquid flames!
The adder skeleton bites you.
You scratch the ogre.
The ogre is lightly wounded.
You are covered in liquid flames!
The ogre hits you with a giant club!
You die...

....# #........ ....#
#........ ....#
####.......$.# ....#
#............# ....#
#............#
....#######............#
........................
..#########....##.....#
.####.......##........#
.##...##########.?.####
....### #@Z.# .####
#O### .# #.# .# ...
.###### .#. ......# ..
.# .####.... .# .# .# .
.. .# .# .# # .# ##.#


You could see an ogre and an adder skeleton.

Vanquished Creatures
  The ghost of Suckerboh the Magician, an amateur DEFE of Vehumet (D:4)
  2 orc priests (D:3)
  A hound (D:4)
  A bullfrog skeleton (D:4)
  A worker ant (D:4)
  7 adders
  An ooze (D:2)
  An adder skeleton (D:3)
  3 worms
  A dart slug (D:3)
  2 leopard geckos
  12 orcs (D:3)
  2 bats
  8 giant cockroaches
  5 goblins
  9 hobgoblins
  4 jackals
  4 quokkas
  2 ball pythons (D:3)
  3 frilled lizards
  10 kobolds
  11 rats
91 creatures vanquished.

Notes
Turn   | Place    | Note
-------+----------+-------------------------------------------
     0 | D:1      | hilaritas the Ghoul Monk began the quest for the Orb.
     0 | D:1      | Reached XP level 1. HP: 19/19 MP: 0/0
    77 | D:1      | Reached XP level 2. HP: 26/26 MP: 1/1
   625 | D:1      | Reached skill level 4 in Unarmed Combat
   742 | D:1      | Reached XP level 3. HP: 19/31 MP: 2/2
  1234 | D:2      | Reached XP level 4. HP: 28/40 MP: 3/3
  1656 | D:3      | Reached skill level 5 in Unarmed Combat
  1656 | D:3      | Reached XP level 5. HP: 11/46 MP: 4/4
  1840 | D:3      | HP: 3/46 [orc/flail (5)]
  2650 | D:3      | Reached XP level 6. HP: 51/51 MP: 5/5
  2852 | D:4      | Reached skill level 6 in Unarmed Combat
  3038 | D:4      | Got a scorched long sword
  3039 | D:4      | Identified the +2 long sword "Horoul" {protect, rF+} (You found it on level 4 of the Dungeon)
  3127 | D:4      | Learned a level 2 spell: Sticks to Snakes
  3127 | D:4      | Noticed Suckerboh's ghost (amateur DEFE)
  3140 | D:4      | Killed Suckerboh's ghost
  3140 | D:4      | Reached skill level 5 in Stealth
  3140 | D:4      | Reached skill level 7 in Unarmed Combat
  3140 | D:4      | Reached XP level 7. HP: 18/59 MP: 6/6
  3141 | D:4      | Slain by an ogre

Skill      XL: |  1  2  3  4  5  6 |
---------------+-------------------+-----
Unarmed Combat | 4 5 7 |  7.0
Stealth        | 3 4 5 |  5.0
Fighting       | 4 |  4.1
Dodging        | |  2.6

Action                   |  1- 3 |  4- 6 |  7- 9 || total
-------------------------+-------+-------+-------++-------
Melee: Unarmed           |    94 |   216 |     1 ||   311
       Punch             |     1 |     4 |       ||     5
  Use: Scroll            |     2 |     5 |       ||     7
       Potion            |       |     2 |       ||     2
 Stab: Sleeping          |     8 |     9 |       ||    17
       Distracted        |     1 |     1 |       ||     2
  Eat: Chunk             |    19 |    33 |       ||    52
Armor: Robe              |    25 |    33 |       ||    58
Dodge: Dodged            |    56 |    96 |       ||   152
